 Dungeon Crawl Stone Soup version 0.29-a0-1027-gcd8c55af63 (webtiles) character file.

Game seed: 15941546976323499668

171 MisterAzrael the Grave Robber (level 5, 0/35 HPs)
             Began as a Mummy Necromancer on Aug 13, 2022.
             Killed from afar by an orc wizard (18 damage)
             ... with a puff of flame
             ... on level 3 of the Dungeon.
             The game lasted 00:05:00 (3295 turns).

MisterAzrael the Grave Robber (Mummy Necromancer)   Turns: 3295, Time: 00:05:01

Health: 0/35       AC:  3    Str: 18    XL:     5   Next: 26%
Magic:  7/11       EV: 12    Int: 21    God:
Gold:   151        SH:  0    Dex: 12    Spells: 5/13 levels left

rFire   x . .      SeeInvis +   c - staff of poison
rCold   + . .      Faith    .   (no shield)
rNeg    + + +      Spirit   .   a - +0 robe
rPois   ∞          Reflect  .   (no helmet)
rElec   .          Harm     .   (no cloak)
rCorr   +          Rampage  .   (no gloves)
Will    .....                   i - +0 pair of boots of Protective Custody {+Blink Int+5 SInv}
Stlth   ++........              (no amulet)
HPRegen 0.11/turn               j - +6 ring of strength
MPRegen 0.12/turn               b - ring of resist corrosion

@: no status effects
A: cold resistance 1, negative energy resistance 3, torment resistance 2, heat
vulnerability 1, in touch with death 1, no potions
a: Evoke Blink


You were on level 3 of the Dungeon.
You visited 1 branch of the dungeon, and saw 3 of its levels.

You collected 151 gold pieces.

Inventory:

Armour
 a - a +0 robe (worn)
 i - the +0 pair of boots of Protective Custody (worn) {+Blink Int+5 SInv}
   (You found it on level 2 of the Dungeon)

   Int:       It affects your intelligence (+5).
   SInv:      It lets you see invisible.
   +Blink:    It lets you blink.
Magical Staves
 c - a staff of poison (weapon)
Jewellery
 b - a ring of resist corrosion (right hand)
 j - a +6 ring of strength (left hand)
Scrolls
 d - a scroll of vulnerability {unknown}
 e - a scroll of fear {unknown}
 f - a scroll of immolation {unknown}
 g - a scroll of teleportation {unknown}
 h - a scroll of identify {unknown}
 k - a scroll of silence {unknown}
 l - a scroll of brand weapon {unknown}


   Skills:
 - Level 0.5 Staves
 - Level 1.5 Dodging
 - Level 1.5 Stealth
 + Level 4.5 Spellcasting
 + Level 5.0 Necromancy
 * Level 1.8 Evocations


You had 5 spell levels left.
You knew the following spells:

 Your Spells              Type           Power      Damage    Failure   Level
a - Necrotise             Necr           100%       1d9       1%          1
b - Vampiric Draining     Necr           39%        2d8       4%          3
c - Animate Dead          Necr           39%        N/A       14%         4

Your spell library contained the following spells:

 Spells                   Type           Power      Damage    Failure   Level
 Agony                    Necr           39%        N/A       36%         5


Dungeon Overview and Level Annotations

Branches:
Dungeon (3/15)

Altars:
Trog


Innate Abilities, Weirdness & Mutations

You are immune to poison.
Your flesh is cold resistant. (rC+)
You are immune to negative energy. (rN+++)
You are immune to unholy pain and torment.
You are vulnerable to heat. (rF-)
You are in touch with the powers of death.
You do not drink.


Message History

The orc priest hits your kobold skeleton with a +0 flail.
The orc priest hits your kobold skeleton with a +0 flail!
Your kobold skeleton is destroyed!
You feel a surge of power!
The orc priest barely resists.
You feel a surge of power!
The orc priest writhes in agony.
You closely miss the orc priest.
The orc priest is moderately wounded.
The orc priest hits you with a +0 flail!
You barely miss the orc priest.
The orc priest is moderately wounded.
The orc priest barely misses you.
You feel a surge of power!
The orc priest writhes in agony.
The orc priest closely misses you.
The orc wizard hits you with a +0 dagger.
You feel a surge of power!
The orc priest writhes in agony.
You kill the orc priest!
The dead are walking!
The orc wizard hits you with a +0 dagger.
You are too injured to fight recklessly!
The orc wizard closely misses you.
You see here a +0 flail.
The orc wizard attacks as you move away!
The orc wizard hits you with a +0 dagger.
You swap places.
The orc wizard attacks as you move away!
The orc wizard misses you.
The orc wizard hits your orc priest skeleton with a +0 dagger.
The orc wizard hits your orc priest skeleton with a +0 dagger.
Something hits your orc priest skeleton.
The orc wizard hits your orc priest skeleton with a +0 dagger.
Something hits your orc priest skeleton.
Your orc priest skeleton hits the orc wizard but does no damage.
The orc wizard hits your orc priest skeleton with a +0 dagger.
Found 14 gold pieces.
You feel a surge of power!
The orc wizard writhes in agony!
The orc wizard points at you and mumbles some strange words.
The puff of flame hits you!! The fire burns you terribly!
Ouch! That really hurt!
You die...

#.#.####..#######
#.#.......#
#.#######.# ###
#.# #.# #$.
#.#######.# #.#
#.........# #.#
.#..####### #.#
.##.# ######.#
≈##.#######.o...@#
≈#........#.######
≈##.#####.#.#
≈#..##....#o#
≈#####.####.# .
#......# # .
#..##### ####.###
# #...# #......#
#.##..# #o##o#.#


You could see an orc wizard.

Vanquished Creatures
  An orc priest (D:3)
  Jessica (D:2)
  Terence (D:3)
  A gnoll (D:2)
  A worm (D:2)
  3 dart slugs
  An orc (D:3)
  4 bats
  10 endoplasms
  4 giant cockroaches
  4 goblins
  4 hobgoblins
  2 jackals (D:1)
  7 kobolds
  6 quokkas
  4 ball pythons
  2 frilled lizards
  4 rats
60 creatures vanquished.

Vanquished Creatures (collateral kills)
  A worm (D:2)
  A rat (D:1)
2 creatures vanquished.

Grand Total: 62 creatures vanquished

Notes
Turn   | Place    | Note
-------+----------+-------------------------------------------
     0 | D:1      | MisterAzrael the Mummy Necromancer began the quest for the
                  | Orb.
     0 | D:1      | Reached XP level 1. HP: 13/13 MP: 4/4
   373 | D:1      | Reached XP level 2. HP: 19/19 MP: 3/5
   767 | D:1      | Found a faded altar of an unknown god.
  1087 | D:1      | Gained mutation: You are in touch with the powers of death.
                  | [Mummy growth]
  1087 | D:1      | Reached XP level 3. HP: 24/24 MP: 7/7
  1721 | D:2      | Identified the +1 leather armour of Sifrukk {rF+ Regen+
                  | Dex-3 SInv}
  1883 | D:2      | Learned a level 3 spell: Vampiric Draining
  1995 | D:2      | Noticed Jessica
  1999 | D:2      | Killed Jessica
  2000 | D:2      | Reached XP level 4. HP: 23/30 MP: 0/10
  2278 | D:2      | Identified the +0 pair of boots of Protective Custody
                  | {+Blink Int+5 SInv}
  2444 | D:2      | Reached skill level 1 in Evocations
  2630 | D:3      | Found a bloodstained altar of Trog.
  2879 | D:3      | Noticed Terence
  2887 | D:3      | Killed Terence
  2888 | D:3      | Reached skill level 5 in Necromancy
  3042 | D:3      | Learned a level 4 spell: Animate Dead
  3058 | D:3      | Reached XP level 5. HP: 35/35 MP: 8/11
  3295 | D:3      | Killed from afar by an orc wizard

Illustrated notes

Levels and vault maps discovered:
D:1:      dpeg_arrival_snail, layout_basic, ebering_ecumenical_altar_rust
D:2:      minmay_general_purpose_star, layout_loops_ring,
          minmay_increasing_density, uniq_jessica
D:3:      layout_basic, mainiacjoe_overflow_paths, uniq_terence

Skill      XL: |  1  2  3  4 |
---------------+-------------+-----
Spellcasting   | 3 4 |  4.5
Evocations     | 1 |  1.8
Necromancy     | 5 |  5.0
Staves         | |  0.5
Dodging        | |  1.5
Stealth        | |  1.5

Action                   |  1- 3 |  4- 6 || total
-------------------------+-------+-------++-------
Melee: Staff             |    75 |     5 ||    80
 Cast: Necrotise         |    36 |    41 ||    77
       Vampiric Draining |     1 |       ||     1
 Stab: Sleeping          |     2 |       ||     2
Armor: Robe              |    10 |     3 ||    13
Dodge: Dodged            |    70 |     9 ||    79

Table legend: (Time is in decaauts)
 A = Elapsed time spent in this place.
 B = Non-inter-level travel time spent in this place.
 C = Inter-level travel time spent in this place.
 D = Time resting spent in this place.
 E = Time spent auto-exploring this place.
 F = Levels seen in this place.
 G = Mean time per level.
                   A        B        C        D        E       F      G
               +--------+--------+--------+--------+--------+-----+--------+
         Total |   3307 |   3273 |     34 |    249 |   2522 |   3 | 1102.3 |
       Dungeon |   3307 |   3273 |     34 |    249 |   2522 |   3 | 1102.3 |
               +--------+--------+--------+--------+--------+-----+--------+

Top non-repeatable levels by time:
     D:1: 1525 daAuts
     D:2: 1111 daAuts
     D:3: 670 daAuts
